 Dungeon Crawl Stone Soup version 0.30.1-1-g62c8e00024 (webtiles) character file.

Game seed: 5868707379768063299

380 Gorgoleon the Spear-Bearer (level 6, 0/47 HPs)
             Began as a Merfolk Gladiator on July 16, 2023.
             Slain by Pikel
             ... wielding a +2 whip of electrocution
              (4 damage)
             ... on level 4 of the Dungeon.
             The game lasted 00:12:18 (3569 turns).

Gorgoleon the Spear-Bearer (Merfolk Gladiator)      Turns: 3569, Time: 00:12:19

Health: 0/47       AC:  6    Str: 16    XL:     6   Next: 75%
Magic:  6/6        EV: 13    Int:  7    God:
Gold:   163        SH:  0    Dex: 16    Spells: 5/5 levels left

rFire   . . .        a - +0 trident
rCold   . . .        (no shield)
rNeg    . . .        b - +1 leather armour
rPois   .            c - +0 helmet
rElec   .            (no cloak)
rCorr   .            u - +0 pair of gloves
SInv    .            (no boots)
Will    .....        (no amulet)
Stlth   +            (no ring)
HPRegen 0.27/turn    (no ring)
MPRegen 0.10/turn

%: no passive effects
@: invisible
A: (nimble swimmer 2), mertail
a: no special abilities


You were on level 4 of the Dungeon.
You visited 1 branch of the dungeon, and saw 4 of its levels.

You collected 163 gold pieces.

Inventory:

Hand Weapons
 a - a +0 trident (weapon)
Missiles
 g - 6 javelins
 h - 14 stones (quivered)
 q - 7 boomerangs
Armour
 b - a +1 leather armour (worn)
 c - a +0 helmet (worn)
 d - a +4 ring mail of poison resistance
 u - a +0 pair of gloves (worn)
Jewellery
 r - a +6 ring of dexterity
Wands
 e - a wand of polymorph (2)
 k - a wand of iceblast (5)
 p - a wand of acid (21)
Scrolls
 f - a scroll of immolation
 i - 4 scrolls of identify
 m - a scroll of fog
 n - a scroll of enchant armour
 s - a scroll of brand weapon {unknown}
 t - a scroll of butterflies
Potions
 l - a potion of resistance {unknown}
 o - 2 potions of haste {unknown}


   Skills:
 - Level 3.0 Fighting
 + Level 8.4 Polearms
 - Level 2.0 Throwing
 + Level 2.0 Armour
 - Level 4.0 Dodging


You had 5 spell levels left.
You didn't know any spells.
Your spell library contained the following spells:

 Spells                   Type           Power      Damage    Failure   Level
 Apportation              Tloc           0%         N/A       50%         1
 Static Discharge         Conj/Air       0%         2-2/arc   65%         2
 Airstrike                Air            0%         2d(0-16)  99%         4
 Summon Lightning Spire   Summ/Air       0%         N/A       99%         4
 Alistair's Intoxication  Tmut/Pois      0%         N/A       100%        5
 Orb of Destruction       Conj           0%         9d5       100%        7
 Spellforged Servitor     Conj/Summ      0%         N/A       100%        7


Dungeon Overview and Level Annotations

Branches:
Dungeon (4/15)
 Temple: D:4-7

Altars:
Dithmenos
Okawaru
Xom

Shops:
D:1 :

Annotations:
D:3 3 runed translucent doors, safid's ghost, amateur MfIE
D:4 Pikel


Innate Abilities, Weirdness & Mutations

((You are very nimble when in or above water. (Stealth+, EV+, Speed+++)))
Your lower body shifts to a powerful aquatic tail in water.


Message History

Throw: 7 boomerangs
Press: ? - help, Shift-Dir - straight line, f - Pikel
Aim: Pikel, wielding a +2 whip of electrocution and wearing a +0 robe (wandering, hasn't noticed you, 55% to hit)
You throw a boomerang. The boomerang barely misses Pikel.
Okay, then.
Throw: 7 boomerangs
Press: ? - help, Shift-Dir - straight line, f/p - Pikel
Aim: Pikel, wielding a +2 whip of electrocution and wearing a +0 robe (55% to hit)
You throw a boomerang.
The boomerang hits Pikel but does no damage.
Throw: 7 boomerangs
Press: ? - help, Shift-Dir - straight line, f/p - Pikel
Aim: Pikel, wielding a +2 whip of electrocution and wearing a +0 robe (55% to hit)
You throw a boomerang.
The boomerang hits Pikel but does no damage.
Throw: 7 boomerangs
Press: ? - help, Shift-Dir - straight line, f/p - Pikel
Aim: Pikel, wielding a +2 whip of electrocution and wearing a +0 robe (55% to hit)
You throw a boomerang. The boomerang closely misses Pikel.
Throw: 7 boomerangs
Press: ? - help, Shift-Dir - straight line, f/p - Pikel
Aim: Pikel, wielding a +2 whip of electrocution and wearing a +0 robe (55% to hit)
You throw a boomerang.
The boomerang hits Pikel but does no damage.
Okay, then.
You hit Pikel.
Pikel is lightly wounded.
You barely miss Pikel.
Pikel is lightly wounded.
Pikel hits you with a +2 whip of electrocution.
You barely miss Pikel. Pikel hits you but does no damage.
You are electrocuted!
You hit Pikel.
Pikel is lightly wounded.
Pikel hits you with a +2 whip of electrocution.
You are electrocuted!!
* * * LOW HITPOINT WARNING * * *
It was a potion of invisibility.
You fade into invisibility!
Pikel hits you with a +2 whip of electrocution.
You die...

..... ###..#.##.
.#.........####...#.#..
..........'5..........
.......5..5..........
....####^####†##.###
5..# .[. #.##.# ?.#....
#.##.### #K#....
#......# ##@#..._
#..#.#.# #..#....
#.##.# #..#.... #.# .#
##..# #.#.#
#...#########...#
##..............#
##..#.#..###......#
##............####
....###########


You could see Pikel (unable to see you) and a lemure (unable to see you).

Vanquished Creatures
  3 lemures (D:4)
  A scorpion (D:4)
  Terence (D:2)
  2 iguanas (D:4)
  Ijyb (D:4)
  An orc wizard (D:4)
  4 gnolls (D:3)
  5 adders
  2 worms
  3 dart slugs
  5 orcs
  13 ball pythons
  4 endoplasms
  A giant cockroach (D:3)
  11 goblins
  5 hobgoblins
  7 jackals
  6 quokkas
  8 bats
  3 frilled lizards
  7 kobolds
  9 rats
102 creatures vanquished.

Notes
Turn   | Place    | Note
-------+----------+-------------------------------------------
     0 | D:1      | Gorgoleon the Merfolk Gladiator began the quest for the
                  | Orb.
     0 | D:1      | Reached XP level 1. HP: 16/16 MP: 1/1
    43 | D:1      | Reached XP level 2. HP: 22/23 MP: 2/2
   175 | D:1      | Reached skill level 5 in Polearms
   215 | D:1      | Reached XP level 3. HP: 23/28 MP: 3/3
   313 | D:1      | Found Huec's Book Boutique.
   692 | D:2      | Noticed Terence
   765 | D:2      | Killed Terence
   766 | D:2      | Reached XP level 4. HP: 17/34 MP: 4/4
   897 | D:2      | Reached skill level 6 in Polearms
  1152 | D:2      | Identified the +3 robe of the Griffon {rCorr}
  1573 | D:2      | Reached skill level 1 in Armour
  1867 | D:3      | Found a runed translucent gate.
  1867 | D:3      | Found a runed translucent gate.
  1867 | D:3      | Found a runed translucent gate.
  1867 | D:3      | Noticed safid's ghost (amateur MfIE)
  1867 | D:3      | Noticed an ogre
  1869 | D:3      | Noticed a black bear
  1919 | D:3      | Reached XP level 5. HP: 41/41 MP: 5/5
  2028 | D:3      | Got Dispater's Octavo of Bombardment
  2238 | D:3      | Found a shadowy altar of Dithmenos.
  2365 | D:3      | Found a shimmering altar of Xom.
  2427 | D:3      | Reached skill level 7 in Polearms
  2731 | D:4      | Noticed Ijyb
  2766 | D:4      | Killed Ijyb
  2861 | D:4      | Reached XP level 6. HP: 37/47 MP: 6/6
  3077 | D:4      | Reached skill level 8 in Polearms
  3389 | D:4      | Found an iron altar of Okawaru.
  3559 | D:4      | Noticed Pikel
  3569 | D:4      | Slain by Pikel

Illustrated notes

Levels and vault maps discovered:
D:1:      spicycebolla_arrival_xxxplode, layout_rooms, serial_shops,
          nicolae_shop_behind_doors, minmay_tetromino_l2
D:2:      layout_basic, kennysheep_another_room, uniq_terence
D:3:      layout_loops_ring, grunt_dithmenos_smoke, xom_teletrap_fun,
          gammafunk_ghost_split
D:4:      layout_loops_corners, lemuel_tele_altar, overflow_temple_1_default,
          minmay_quantized, uniq_ijyb, uniq_duvessa, uniq_pikel

Skill      XL: |  1  2  3  4  5  6 |
---------------+-------------------+-----
Polearms       | 5 6 7 8 |  8.4
Fighting       | 3 |  3.0
Armour         | 1 2 |  2.0
Throwing       | |  2.0
Dodging        | |  4.0

Action                     |  1- 3 |  4- 6 || total
---------------------------+-------+-------++-------
  Melee: Trident           |   133 |   247 ||   380
         Unarmed           |     2 |       ||     2
         Punch             |       |     1 ||     1
  Throw: Javelin           |     1 |     4 ||     5
         Throwing net      |     1 |     2 ||     3
         Boomerang         |       |     5 ||     5
    Use: Potion            |     1 |     5 ||     6
         Scroll            |       |    11 ||    11
   Stab: Sleeping          |     2 |     2 ||     4
         Held in net/web   |       |     2 ||     2
 Armour: Leather armour    |    25 |    34 ||    59
         Skin              |     2 |       ||     2
  Dodge: Dodged            |    74 |   100 ||   174
